 Dungeon Crawl Stone Soup version 0.30.0-17-ge0270778cf (webtiles) character file.

Game seed: 18396901220534430811

4 LobsterGuardian the Sneak (level 1, 0/7 HPs)
             Began as a Felid Enchanter on May 21, 2023.
             Hit by a stone thrown by a kobold (2 damage)
             ... on level 1 of the Dungeon.
             The game lasted 00:01:28 (285 turns).

LobsterGuardian the Sneak (Felid Enchanter)          Turns: 285, Time: 00:01:29

Health: 0/7        AC:  1    Str:  4    XL:     1   Next: 58%
Magic:  4/4        EV: 17    Int: 16    God:
Gold:   52         SH:  0    Dex: 16    Spells: 4/4 levels left
                                        Lives:  0   Deaths: 0

rFire   . .          .
                       - Unarmed
rCold   . . .        (shield unavailable)
rNeg    . . .        (body armour unavailable)
rPois   .            (helmet unavailable)
rElec   .            (cloak unavailable)
rCorr   .            (gloves unavailable)
SInv    +            (boots unavailable)
Will    .....        (no amulet)
Stlth   +++          (no ring)
HPRegen 0.21/turn    (no ring)
MPRegen 0.09/turn

%: no passive effects
@: quick
A: very small, claws 1, fangs 3, see invisible, speed 1, shaggy fur 1, stealthy
paws, no weapons or thrown items, no armour, multi-lived
a: no special abilities


You were on level 1 of the Dungeon.
You visited 1 branch of the dungeon, and saw 1 of its levels.

You collected 52 gold pieces.

Inventory:

Scrolls
 b - a scroll of enchant armour {unknown}
Potions
 a - 2 potions of invisibility


   Skills:
 - Level 2.6 Dodging
 * Level 4.5 Stealth
 + Level 1.0 Unarmed Combat
 - Level 2.0 Spellcasting
 - Level 4.4 Hexes


You had 4 spell levels left.
You didn't know any spells.
Your spell library contained the following spells:

 Spells                   Type           Power      Damage    Failure   Level
 Confusing Touch          Hex            15%        N/A       11%         3
 Tukima's Dance           Hex            15%        N/A       11%         3
 Ensorcelled Hibernation  Hex/Ice        16%        N/A       13%         2
 Dazzling Flash           Conj/Hex       16%        N/A       26%         3


Dungeon Overview and Level Annotations

Branches:
Dungeon (1/15)

Altars:


Innate Abilities, Weirdness & Mutations

You have sharp claws.
You have razor-sharp teeth.
You have supernaturally acute eyesight. (SInv)
You cover ground quickly. (Speed+)
You are covered in fur. (AC +1)
Your paws help you pounce on unaware monsters.
You are incapable of wielding weapons or throwing items.
You cannot wear armour.
You gain extra lives every three experience levels.


Message History

The kobold hits you but does no damage.
You barely miss the kobold. The bat closely misses you.
The kobold closely misses you.
You barely miss the kobold. The bat closely misses you.
The bat barely misses you. The kobold closely misses you.
You miss the bat. The bat hits you but does no damage.
The kobold completely misses you.
You scratch the kobold.
The kobold is moderately wounded.
The bat misses you. The kobold completely misses you.
The bat closely misses you.
You closely miss the kobold.
The kobold is moderately wounded.
The bat hits you. The kobold hits you with a +0 dagger.
The bat barely misses you.
You are too injured to fight recklessly!
You are too injured to fight recklessly!
You are too injured to fight recklessly!
You barely miss the bat. You bite the bat.
The bat is moderately wounded.
The bat closely misses you. The kobold completely misses you.
The bat closely misses you.
The kobold throws a stone.
The stone misses you.
You see here a scroll labelled FANAOW DISCH.
The bat hits you.
* * * LOW HITPOINT WARNING * * *
The kobold throws a stone.
The stone closely misses you. The bat barely misses you.
You scratch the bat.
The bat is severely wounded.
The bat misses you.
A kobold is nearby!
You scratch the kobold but do no damage.
The kobold is moderately wounded.
The kobold barely misses you.
You completely miss the kobold. You bite the kobold, but do no damage.
The kobold is moderately wounded.
The kobold hits you with a +0 dagger.
* * * LOW HITPOINT WARNING * * *
The kobold throws a stone.
The stone hits you.
You die...

###...............
#####..#########
###..###
#......#######
###...........
##)##.####..
#..##.# #.###†#
#.#@###.# #
#.....K.####.#
###.###......#
#(###......#
#.##..####.#
#.#.#.## .#
#..###.# #
#.#.#.## #.##..#


You could see a kobold.

Vanquished Creatures
  A goblin (D:1)
  A hobgoblin (D:1)
  A ball python (D:1)
  A frilled lizard (D:1)
  A rat (D:1)
5 creatures vanquished.

Notes
Turn   | Place    | Note
-------+----------+-------------------------------------------
     0 | D:1      | LobsterGuardian the Felid Enchanter began the quest for the
                  | Orb.
     0 | D:1      | Reached XP level 1. HP: 7/7 MP: 4/4
   285 | D:1      | Hit by a stone thrown by a kobold

Illustrated notes

Levels and vault maps discovered:
D:1:      dpeg_cavernosity, layout_loops_ring

Action                     || total
---------------------------++-------
  Melee: Unarmed           ||    23
         Bite              ||     5
   Stab: Sleeping          ||     1
 Armour: Skin              ||     3
  Dodge: Dodged            ||    26
